AoeStats
← thunder bun

Arabia

506336458Analyzed
1v1 RM · 17d ago on Sep 13, 2026· 34m 13s· 2 players
Game mode
Random Map
Map size
Tiny (2 player)
Population
200
Speed
Normal
Resources
Standard
Victory
Conquest
Starting age
Dark Age
Ending age
Imperial Age
RankedLock teamsTeams togetherTeam positionsShared explorationLock speedFull tech treeHidden civsTurbo modeCheats
Victory
Defeat
🇹🇼 Malay · Taiwan
2168
+14
🇨🇳 Vikings · China
2126
-14
mongo
6:12 Loom
10:37 Feudal Age
8:56 Loom
11:22 Double-Bit Axe
13:35 Horse Collar
21:51 Castle Age
20:14 Padded Archer Armor
20:09 Gold Mining
20:38 Fletching
22:00 Elite Skirmisher
23:03 Leather Archer Armor
24:10 Bow Saw
thunder bun
7:32 Loom
9:53 Feudal Age
9:40 Man-at-Arms
21:41 Castle Age
20:01 Horse Collar
21:06 Gold Mining
20:40 Crossbowman
21:10 Fletching
22:05 Bodkin Arrow
23:03 Double-Bit Axe
24:33 Husbandry
29:02 Gold Shaft Mining
29:00 Ballistics
29:39 Stone Mining
31:04 Wheelbarrow
30:43 Devotion
33:53 Scale Barding Armor
Connection lost

Rejoining the realm…

Still unreachable

The connection could not be restored.

Session expired

The server has moved on; the page needs a fresh start.